 Dungeon Crawl Stone Soup version 0.30-a0-1164-ge08a67761e (webtiles) character file.

Game seed: 2917622352736520025

4752 dave1331 the Cleaver (level 10, -1/92 HPs)
             Began as a Hill Orc Fighter on Apr 25, 2023.
             Was a High Priest of Nemelex Xobeh.
             Slain by a yak (4 damage)
             ... on level 8 of the Dungeon on Apr 29, 2023.
             The game lasted 00:31:09 (6634 turns).

dave1331 the Cleaver (Hill Orc Fighter)             Turns: 6634, Time: 00:31:10

Health: -1/92      AC: 17    Str: 20    XL:     10   Next: 46%
Magic:  10/10      EV: 14    Int: 11    God:    Nemelex Xobeh [*****.]
Gold:   491        SH:  0    Dex: 14    Spells: 9/9 levels left

rFire   . . .        y - +6 quarterstaff (freeze)
rCold   x . .        (shield currently unavailable)
rNeg    . . .        b - +2 scale mail
rPois   .            (no helmet)
rElec   +            h - +2 cloak
rCorr   +            (no gloves)
SInv    .            e - +2 pair of boots of Anaesthesia {Regen+ Int+3}
Will    .....        p - amulet of faith Stlth
                     r - +5 ring of evasion
HPRegen 1.15/turn    w - ring of resist corrosion
MPRegen 0.12/turn

%: faith
@: mighty
A: electricity resistance, cold vulnerability 1
a: Renounce Religion, Convert to Beogh, Draw Escape, Draw Destruction, Draw
Summoning, Triple Draw, Deal Four, Stack Five


You were on level 8 of the Dungeon.
You worshipped Nemelex Xobeh.
Nemelex Xobeh was extremely pleased with you.
You visited 1 branch of the dungeon, and saw 8 of its levels.

You collected 491 gold pieces.

Inventory:

Hand Weapons
 a - a +0 war axe
 y - a +6 quarterstaff of freezing (weapon)
Missiles
 o - 3 throwing nets (quivered)
Armour
 b - a +2 scale mail (worn)
 c - a +0 buckler
 e - the +2 pair of boots of Anaesthesia (worn) {Regen+ Int+3}
   (You acquired it on level 3 of the Dungeon)

   Int:       It affects your intelligence (+3).
   Regen:     It increases your rate of health regeneration.
 h - a +2 cloak (worn)
Jewellery
 p - an amulet of faith (around neck)
 r - a +5 ring of evasion (left hand)
 w - a ring of resist corrosion (right hand)
 A - a ring of fire
 F - an amulet of regeneration
Wands
 n - a wand of digging (12)
Scrolls
 f - 3 scrolls of blinking
 g - 2 scrolls of brand weapon
 k - 2 scrolls of enchant armour
 l - a scroll of noise
 q - 2 scrolls of teleportation
 t - 2 scrolls of identify
 u - 5 scrolls of poison
 B - 2 scrolls of vulnerability {unknown}
 C - 4 scrolls of enchant weapon
 D - a scroll of summoning {unknown}
 E - a scroll of fear
Potions
 i - a potion of ambrosia {unknown}
 j - a potion of flight
 s - a potion of cancellation {unknown}
 v - a potion of magic {unknown}
 x - 2 potions of lignification {unknown}
 z - 4 potions of brilliance
 G - a potion of haste {unknown}


   Skills:
 + Level 9.7 Fighting
 + Level 10.2 Axes
 + Level 9.0 Armour
 + Level 9.0 Shields


You had 9 spell levels left.
You didn't know any spells.
Your spell library contained the following spells:

 Spells                   Type           Power      Damage    Failure   Level
 Blink                    Tloc           0%         N/A       78%         2
 Lesser Beckoning         Tloc           0%         N/A       78%         2
 Momentum Strike          Conj/Tloc      0%         3d8       78%         2
 Stone Arrow              Conj/Erth      0%         3d7       95%         3
 Animate Armour           Summ/Erth      0%         N/A       100%        4
 Lehudib's Crystal Spear  Conj/Erth      0%         10d2      100%        8
 Chain Lightning          Conj/Air       0%         N/A       100%        9
 Fire Storm               Conj/Fire      0%         5d1       100%        9
 Shatter                  Erth           0%         3d5*      100%        9


Dungeon Overview and Level Annotations

Branches:
Dungeon (8/15)             Temple (0/1) D:5
   Lair: D:8-11

Altars:
Cheibriados
Fedhas
Kikubaaqudgha
Nemelex Xobeh
Okawaru
The Shining One

Shops:
D:8 *

Portals:
Sewer: D:4

Annotations:
D:8 Pikel, Prince Ribbit


Innate Abilities, Weirdness & Mutations

You are resistant to electric shocks. (rElec)
You are vulnerable to cold. (rC-)


Message History

A lemure comes into view.
You hear an angry buzzing noise. x3; You hear a shout! x4
You feel better. The howler monkey barely misses you.
The orc wizard casts a spell.
The orc wizard flickers and vanishes!
Deactivating autopickup; reactivate with Ctrl-A.
A lemure comes into view.
The howler monkey hoots and howls with incredible vigour!
The orc priest shouts, "Beogh is our master!
Accept the truth or die!"
Pikel, Merchant of Souls comes into view.
He is wielding a +0 whip of flaming and wearing a +2 robe of willpower.
You feel very mighty all of a sudden.
You feel mightier all of a sudden. The death yak misses you.
Pikel says, "You'll make a fine lemure."
A lemure comes into view.
You sock the yak! You freeze the yak.
The yak is heavily wounded.
The yak barely misses you.
The death yak gores you but does no damage.
You barely miss the death yak.
The death yak is moderately wounded.
The death yak gores you. The yak gores you! The yak closely misses you.
The death yak barely misses you. The death yak gores you!!
You sock the death yak! You freeze the death yak.
The death yak is heavily wounded.
The death yak misses you. The death yak gores you. The yak closely misses you.
You barely miss the death yak.
The death yak is heavily wounded.
The death yak gores you but does no damage.
The yak attacks as you move away! The yak gores you!
* * * LOW HITPOINT WARNING * * *
The death yak gores you but does no damage.
The death yak completely misses you. The death yak gores you!
* * * LOW HITPOINT WARNING * * *
The death yak attacks as you move away! The death yak barely misses you.
The death yak attacks as you move away! The death yak gores you.
* * * LOW HITPOINT WARNING * * *
The yak attacks as you move away! The yak gores you.
You die...
Your body glows with a rainbow of weird colours and disappears.

#....##.###.(..........
###...#.#######........
#.......####.#.....
##.................
#......###...#.......
#......# #.### ∩.....
#.##..####Yo.# ......
... #.....YY#.##......
.##. #.#...@Y#.....(...
. #......###Y##........
.......{ho##Y......
.......K#YhFY......
.......5#.#Yo......
.......5###o.......
....... ##>#.....
....... #.#.### .......
..##


You could see 3 death yaks, Prince Ribbit, 4 yaks, 2 howler monkeys, an orc
priest and 3 orcs.

Vanquished Creatures
  The ghost of osoart the Magician, a novice DsNe (D:7)
  Grinder (D:3)
  Sigmund (D:2)
  A yak (D:8)
  2 steam dragons (D:7)
  A vampire mosquito (D:7)
  3 water moccasins (D:7)
  2 sky beasts (D:7)
  5 ice beasts
  2 orc warriors
  4 ogres
  A centaur (D:7)
  3 phantoms
  2 kobold brigands (D:7)
  Blork the orc (D:5)
  A gnoll sergeant (D:7)
  A bullfrog (D:7)
  3 scorpions (D:6)
  4 wights (D:7)
  A killer bee (D:7)
  2 howler monkeys (D:7)
  4 hounds (D:5)
  4 jellies
  Crazy Yiuf (D:3)
  3 orc priests (D:5)
  2 sleepcaps
  2 iguanas (D:5)
  7 orc wizards
  4 adders
  5 gnolls
  A white imp (D:5)
  An ufetubus (D:2)
  3 worms
  A dart slug (D:2)
  19 orcs
  5 ball pythons
  4 bats (D:1)
  10 endoplasms
  4 giant cockroaches
  7 goblins
  4 hobgoblins
  6 jackals (D:1)
  8 kobolds
  2 quokkas
  6 frilled lizards
  9 rats
164 creatures vanquished.

Vanquished Creatures (others)
  A sky beast (D:7)
  A human (D:7)
2 creatures vanquished.

Grand Total: 166 creatures vanquished

Notes
Turn   | Place    | Note
-------+----------+-------------------------------------------
     0 | D:1      | dave1331 the Hill Orc Fighter began the quest for the Orb.
     0 | D:1      | Reached XP level 1. HP: 19/19 MP: 1/1
   193 | D:1      | Reached skill level 3 in Axes
   193 | D:1      | Reached XP level 2. HP: 27/27 MP: 2/2
   338 | D:1      | Reached XP level 3. HP: 33/33 MP: 3/3
   626 | D:1      | Found a faded altar of an unknown god.
   634 | D:1      | Prayed at the altar of an unknown god.
   634 | D:1      | Became a worshipper of Nemelex Xobeh the Trickster
   634 | D:1      | Reached * piety under Nemelex Xobeh
   939 | D:2      | Received a gift from Nemelex Xobeh
   997 | D:2      | Noticed Sigmund
  1007 | D:2      | Killed Sigmund
  1008 | D:2      | Reached skill level 4 in Axes
  1008 | D:2      | Reached XP level 4. HP: 27/41 MP: 4/4
  1008 | D:2      | Reached XP level 5. HP: 31/47 MP: 5/5
  1135 | D:2      | Reached XP level 6. HP: 10/55 MP: 6/6
  1138 | D:2      | Reached skill level 5 in Fighting
  1635 | D:2      | Reached ** piety under Nemelex Xobeh
  2302 | D:3      | Reached skill level 5 in Axes
  2570 | D:3      | Noticed Grinder
  2575 | D:3      | Paralysed by Grinder for 5 turns
  2581 | D:3      | Killed Grinder
  2582 | D:3      | Reached skill level 5 in Armour
  2582 | D:3      | Reached skill level 5 in Shields
  2582 | D:3      | Reached XP level 7. HP: 47/62 MP: 7/7
  2667 | D:3      | Received a gift from Nemelex Xobeh
  2692 | D:3      | Reached *** piety under Nemelex Xobeh
  2849 | D:3      | Found a runed translucent door.
  2850 | D:3      | Noticed Crazy Yiuf
  3109 | D:3      | Killed Crazy Yiuf
  3128 | D:3      | Identified a scroll of acquirement
  3128 | D:3      | Acquired the +2 pair of boots of Anaesthesia {Regen+ Int+3}
  3172 | D:3      | Gained mutation: You are resistant to electric shocks.
                  | (rElec) [potion of mutation]
  3172 | D:3      | Gained mutation: You are vulnerable to cold. (rC-) [potion
                  | of mutation]
  3175 | D:4      | Found a blossoming altar of Fedhas.
  3284 | D:4      | Found a glowing drain.
  3702 | D:5      | Entered Level 5 of the Dungeon
  3712 | D:5      | Reached skill level 6 in Axes
  3744 | D:5      | Found a sand-covered staircase.
  3821 | D:5      | Reached XP level 8. HP: 42/71 MP: 8/8
  3862 | D:5      | Received a gift from Nemelex Xobeh
  4039 | D:5      | Reached **** piety under Nemelex Xobeh
  4043 | D:5      | Reached skill level 7 in Axes
  4166 | D:5      | Found a staircase to the Ecumenical Temple.
  4303 | D:5      | Reached XP level 9. HP: 79/79 MP: 9/9
  4464 | D:5      | Noticed Blork the orc
  4471 | D:5      | Killed Blork the orc
  4715 | D:6      | Reached skill level 8 in Axes
  4717 | D:6      | Upgraded the game from 0.30-a0-1160-g6e42c06551 to
                  | 0.30-a0-1164-ge08a67761e
  4960 | D:6      | Found a snail-covered altar of Cheibriados.
  5080 | D:6      | Found an iron altar of Okawaru.
  5311 | D:7      | Found a transporter.
  5321 | D:7      | Noticed osoart's ghost (novice DsNe)
  5361 | D:7      | Found a transporter.
  5444 | D:7      | Found an ancient bone altar of Kikubaaqudgha.
  5566 | D:7      | Reached skill level 9 in Axes
  5614 | D:7      | Found a glowing golden altar of the Shining One.
  5634 | D:7      | Received a gift from Nemelex Xobeh
  5820 | D:7      | Reached ***** piety under Nemelex Xobeh
  5993 | D:7      | Received a gift from Nemelex Xobeh
  6284 | D:7      | Reached XP level 10. HP: 86/91 MP: 10/10
  6297 | D:7      | Killed osoart's ghost
  6329 | D:7      | Reached skill level 10 in Axes
  6600 | D:8      | Noticed Prince Ribbit
  6601 | D:8      | Found Kosa's Assorted Antiques.
  6602 | D:8      | Noticed a death yak
  6605 | D:8      | Noticed a death yak
  6608 | D:8      | Noticed a death yak
  6627 | D:8      | Noticed Pikel
  6634 | D:8      | HP: 3/92 [death yak (4)]
  6634 | D:8      | Slain by a yak

Illustrated notes

Levels and vault maps discovered:
D:1:      dpeg_arrival_renting, layout_basic, hellmonk_ecumenical_altar_zigzags,
          kennysheep_crisscross, minmay_pentomino_q4
D:2:      layout_basic, serial_forest, infiniplex_forest_clump_small,
          infiniplex_forest_straight_4, infiniplex_forest_clump_medium,
          infiniplex_forest_clump_tiny, infiniplex_forest_lined_2,
          infiniplex_forest_lined_corner, minmay_joined_circles, uniq_sigmund
D:3:      layout_loops_corners, uniq_crazy_yiuf_cottage, uniq_grinder
D:4:      layout_basic, fedhas_altar_1, cheibrodos_sewer_entry_bend
D:5:      minmay_bubble_buster, layout_loops_ring,
          minmay_temple_entry_antechambers, chequers_ossuary_entry_cave,
          uniq_blork_the_orc
D:6:      layout_basic, slow_altar_1, mainiacjoe_overflow_tiny_flanked,
          mrwooster_statue_mirror
D:7:      layout_loops_ring, tgw_kikubaaqudgha, kennysheep_mini,
          nzn_ghost_randoct, grunt_decor_cap
D:8:      layout_rooms, dpeg_lair_monsters, serial_glass, glass_columns_a,
          glass_columns_a, glass_columns_c, glass_columns_c, glass_columns_a,
          glass_columns_b, serial_shops, shop, uniq_pikel, uniq_prince_ribbit1

Skill      XL: |  1  2  3  4  5  6  7  8  9 10 |
---------------+-------------------------------+-----
Axes           | 3 4 5 6 7 9 10 | 10.2
Fighting       | 4 5 6 7 9 |  9.7
Armour         | 4 5 6 8 9 |  9.0
Shields        | 4 5 6 8 9 |  9.0

Action                     |  1- 3 |  4- 6 |  7- 9 | 10-12 || total
---------------------------+-------+-------+-------+-------++-------
  Melee: War axe           |    90 |    83 |    17 |       ||   190
         Quarterstaff      |       |       |   251 |    81 ||   332
    Use: Scroll            |       |       |    13 |       ||    13
         Potion            |       |       |     5 |     4 ||     9
 Armour: Scale mail        |    56 |    38 |   161 |    69 ||   324
  Dodge: Dodged            |    50 |    58 |   258 |   107 ||   473
  Block: Buckler           |    22 |    23 |     1 |       ||    46

Table legend: (Time is in decaauts)
 A = Elapsed time spent in this place.
 B = Non-inter-level travel time spent in this place.
 C = Inter-level travel time spent in this place.
 D = Time resting spent in this place.
 E = Time spent auto-exploring this place.
 F = Levels seen in this place.
 G = Mean time per level.
                   A        B        C        D        E       F      G
               +--------+--------+--------+--------+--------+-----+--------+
         Total |   6801 |   5890 |    911 |      0 |   4592 |   8 |  850.1 |
       Dungeon |   6801 |   5890 |    911 |      0 |   4592 |   8 |  850.1 |
               +--------+--------+--------+--------+--------+-----+--------+

Top non-repeatable levels by time:
     D:7: 1354 daAuts
     D:2: 1198 daAuts
     D:3: 1083 daAuts
     D:5: 1009 daAuts
     D:1: 955 daAuts
     D:6: 576 daAuts
     D:4: 540 daAuts
     D:8: 83 daAuts
